 Dungeon Crawl Stone Soup version 0.20.0-15-g7f486f2 (webtiles) character file.

1077 Krapule the Chopper (level 8, 0/71 HPs)
             Began as a Hill Orc Fighter on June 16, 2017.
             Was an Initiate of Beogh.
             Killed from afar by an orc wizard (6 damage)
             ... with a magic dart
             ... on level 5 of the Dungeon.
             The game lasted 00:15:08 (3773 turns).

Krapule the Chopper (Hill Orc Fighter)              Turns: 3773, Time: 00:15:09

Health: 0/71       AC: 13    Str: 20    XL:     8   Next: 29%
Magic:  8/8        EV:  4    Int:  9    God:    Beogh [......]
Gold:   305        SH: 10    Dex: 10    Spells: 7/7 levels left

rFire    . . .     SeeInvis +   b - +1 hand axe (chop)
rCold    . . .     Gourm    .   c - +0 shield
rNeg     + . .     Faith    .   y - +0 plate armour (curse)
rPois    .         Spirit   .   (no helmet)
rElec    .         Reflect  .   (no cloak)
rCorr    .         Harm     .   o - +0 pair of gloves
MR       .....                  (no boots)
Stlth    ..........             (no amulet)
Regen    0.3/turn               i - ring of positive energy
MPRegen  0.2/turn               k - ring of see invisible

@: no status effects
A: no striking features
a: Renounce Religion


You were on level 5 of the Dungeon.
You worshipped Beogh.
Beogh was noncommittal.
You were not hungry.

You visited 1 branch of the dungeon, and saw 5 of its levels.

You collected 305 gold pieces.

Inventory:

Hand Weapons
 a - a +0 war axe
 b - a +1 hand axe of chopping (weapon)
Armour
 c - a +0 shield (worn)
 o - a +0 pair of gloves (worn)
 y - a cursed +0 plate armour (worn)
Jewellery
 i - a ring of positive energy (left hand)
 k - a ring of see invisible (right hand)
Wands
 w - a wand of acid (9/15)
Scrolls
 e - 7 scrolls of identify {unknown}
 g - 4 scrolls of teleportation {unknown}
 h - 2 scrolls of blinking {unknown}
 l - 3 scrolls of recharging {unknown}
 q - a scroll of immolation {unknown}
 s - a scroll of remove curse {unknown}
 u - a scroll of amnesia {unknown}
 C - a scroll of enchant weapon {unknown}
Potions
 d - a potion of might
 j - a potion of resistance {unknown}
 m - 5 potions of degeneration {unknown}
 n - 2 potions of magic {unknown}
 p - a potion of mutation {unknown}
 r - a potion of berserk rage {unknown}
 t - 2 potions of brilliance {unknown}
 v - 2 potions of curing {unknown}
 A - a potion of agility {unknown}
Books
 z - a book of Changes

   Spells                             Type                      Level
   a - Beastly Appendage              Transmutation                1
   b - Sticks to Snakes               Transmutation                2
   c - Spider Form                    Transmutation/Poison         3
   d - Ice Form                       Ice/Transmutation            4
   e - Blade Hands                    Transmutation                5
 B - a book of Conjurations

   Spells                             Type                      Level
   a - Magic Dart                     Conjuration                  1
   b - Searing Ray                    Conjuration                  2
   c - Dazzling Spray                 Conjuration/Hexes            3
   d - Fulminant Prism                Conjuration/Hexes            4
   e - Force Lance                    Conjuration/Translocation    4
   f - Iskenderun's Mystic Blast      Conjuration                  4
Comestibles
 f - 3 bread rations
 x - a royal jelly


   Skills:
 + Level 6.8 Fighting
 + Level 6.9 Axes
 + Level 5.8 Armour
 + Level 6.1 Shields


You had 7 spell levels left.
You didn't know any spells.

Dungeon Overview and Level Annotations

Branches:
Dungeon (5/15)
 Temple: D:4-7

Altars:
Ashenzari
Okawaru


Message History

The orc warrior is severely wounded.
The orc warrior hits you with a mace!
* * * LOW HITPOINT WARNING * * *
You hit the orc warrior.
The orc warrior is almost dead.
You hit the orc warrior but do no damage.
The orc warrior is almost dead.
The orc wizard mumbles some strange words.
The orc wizard blinks!
The orc warrior hits you but does no damage.
You closely miss the orc warrior.
The orc warrior is almost dead.
The orc warrior hits you but does no damage.
You hit the orc warrior.
You kill the orc warrior!
Beogh accepts your kill. The orc wizard casts a spell at you.
The magic dart hits you!
You die...
Beogh appreciates the orc wizard's killing of a heretic priest.

#.........).......#..#...#.
#..#.............(....#...#.
..........(.......(...#.....
##.......))[......#.#.....
##......)(.....#...#.....
##########))....#....[.##.......#
........##)########.#...o........
........##.########..............
...........o....@........(...#..†
........##.#######..#.......###..
.............<.#............###..
........#...#..........o.........
..................##.............
[.........................#####..
#######.........)....)...........
#.....>...........#########
##................#


You could see an orc wizard and a neutral orc priest (wandering).

Vanquished Creatures
  Sigmund (D:3)
  2 orc warriors
  A phantom (D:5)
  3 ogres
  2 scorpions (D:4)
  An orc priest (D:5)
  A bullfrog skeleton (D:4)
  Ijyb (D:4)
  An iguana (D:5)
  2 worker ants
  A gnoll (D:1)
  3 adders
  A shadow imp (D:3)
  An ooze (D:4)
  2 adder skeletons
  A worm (D:4)
  2 dart slugs
  5 leopard geckos
  11 orcs
  3 giant cockroaches
  9 goblins
  7 hobgoblins
  4 jackals
  A quokka (D:5)
  4 bats
  3 frilled lizards
  8 kobolds
  6 rats
87 creatures vanquished.

Vanquished Creatures (others)
  An orc (D:5)
1 creature vanquished.

Grand Total: 88 creatures vanquished

Notes
Turn   | Place    | Note
-------+----------+-------------------------------------------
     0 | D:1      | Krapule the Hill Orc Fighter began the quest for the Orb.
     0 | D:1      | Reached XP level 1. HP: 19/19 MP: 1/1
    78 | D:1      | Reached XP level 2. HP: 13/27 MP: 2/2
   363 | D:1      | Reached XP level 3. HP: 32/33 MP: 3/3
   973 | D:2      | Found an iron altar of Okawaru.
  1572 | D:3      | Reached XP level 4. HP: 34/40 MP: 4/4
  1753 | D:3      | Noticed Sigmund
  1767 | D:3      | Killed Sigmund
  1767 | D:3      | Reached skill level 5 in Fighting
  1767 | D:3      | Reached XP level 5. HP: 38/48 MP: 5/5
  1767 | D:3      | Reached XP level 6. HP: 44/56 MP: 6/6
  2439 | D:4      | Noticed Ijyb
  2451 | D:4      | Killed Ijyb
  2624 | D:4      | Found a shattered altar of Ashenzari.
  2739 | D:4      | Reached skill level 5 in Axes
  2779 | D:4      | Reached skill level 5 in Shields
  2867 | D:4      | Noticed an orc warrior
  2889 | D:4      | Killed an orc warrior
  2889 | D:4      | Reached XP level 7. HP: 37/61 MP: 7/7
  3251 | D:4      | Reached skill level 5 in Armour
  3318 | D:5      | Entered Level 5 of the Dungeon
  3373 | D:5      | Became a worshipper of Beogh the Brigand
  3528 | D:5      | Reached XP level 8. HP: 62/71 MP: 8/8
  3773 | D:5      | Killed from afar by an orc wizard

Skill      XL: |  1  2  3  4  5  6  7  8 |
---------------+-------------------------+-----
Axes           | 3 4 5 6 |  6.9
Fighting       | 4 5 6 |  6.8
Shields        | 4 5 6 |  6.1
Armour         | 4 5 |  5.8

Action                   |  1- 3 |  4- 6 |  7- 9 || total
-------------------------+-------+-------+-------++-------
Melee: War axe           |   138 |    61 |       ||   199
       Hand axe          |       |    34 |   109 ||   143
Invok: Convert to Beogh  |       |       |     1 ||     1
  Eat: Chunk             |     1 |     5 |     4 ||    10
Armor: Scale mail        |    49 |    26 |       ||    75
       Plate armour      |       |    10 |    33 ||    43
Dodge: Dodged            |    41 |    19 |    11 ||    71
Block: Shield            |    82 |    43 |    46 ||   171
